 Dungeon Crawl Stone Soup version 0.31.0-9-g3a7656b989 (webtiles) character file.

Game seed: 14509840340773313378

38 CaptainMV the Ducker (level 3, -1/26 HPs)
             Began as a Demonspawn Wanderer on Jan 30, 2024.
             Slain by a goblin
             ... wielding a +0 dagger
             ... led by Robin
              (4 damage)
             ... on level 2 of the Dungeon.
             The game lasted 00:04:32 (633 turns).

CaptainMV the Ducker (Demonspawn Wanderer)           Turns: 633, Time: 00:04:33

Health: -1/26      AC:  3    Str:  9    XL:     3   Next: 25%
Magic:  3/3        EV: 12    Int: 10    God:
Gold:   75         SH:  5    Dex: 19    Spells: 2/2 levels left

rFire   . . .        b - +4 dagger (venom)
rCold   . . .        d - +0 buckler
rNeg    . . .        c - +0 leather armour
rPois   .            (helmet restricted)
rElec   .            (no cloak)
rCorr   .            (no gloves)
SInv    .            (no boots)
Will    .....        (no amulet)
Stlth   +            (no ring)
HPRegen 0.24/turn    (no ring)
MPRegen 0.08/turn

%: no passive effects
@: mighty
A: horns 1
a: no special abilities


You were on level 2 of the Dungeon.
You visited 1 branch of the dungeon, and saw 2 of its levels.

You collected 75 gold pieces.

Inventory:

Hand Weapons
 a - a +0 falchion
 b - a +4 dagger of venom (weapon)
Missiles
 k - 4 throwing nets (quivered)
Armour
 c - a +0 leather armour (worn)
 d - a +0 buckler (worn)
Jewellery
 h - a ring of magical power
 j - an amulet of regeneration
Scrolls
 g - 2 scrolls of identify
Potions
 e - 2 potions of attraction
 m - a potion of haste {unknown}


   Skills:
 + Level 1.2 Fighting
 + Level 2.2 Long Blades
 + Level 1.0 Throwing
 + Level 1.2 Armour
 + Level 3.5 Dodging
 + Level 1.8 Shields


You had 2 spell levels left.
You didn't know any spells.
Your spell library was empty.

Dungeon Overview and Level Annotations

Branches:
Dungeon (2/15)

Altars:
Gozag

Annotations:
D:2 Robin


Innate Abilities, Weirdness & Mutations

You have a pair of small horns on your head.


Message History

The goblin no longer looks unusually strong.
You closely miss the hobgoblin.
The goblin no longer looks unusually strong.
You block the hobgoblin's attack.
Robin hits you from afar with a +0 spear.
You hit the hobgoblin.
The hobgoblin is poisoned.
You headbutt the hobgoblin.
You kill the hobgoblin!
Robin throws the goblin at you! The goblin hits you with a +0 dagger.
You completely miss the goblin.
The hobgoblin no longer looks unusually strong.
Robin roars a battlecry!
The goblins go into a battle-frenzy!
You block the goblin's attack. The goblin hits you but does no damage.
You closely miss the goblin. Your headbutt misses the goblin.
You block the goblin's attack. The goblin hits you with a +0 dagger.
You closely miss the goblin.
The hobgoblin no longer looks unusually strong.
The goblin no longer looks unusually strong. x2
Robin roars a battlecry!
The goblins go into a battle-frenzy!
The goblin hits you but does no damage. The goblin closely misses you.
You closely miss the goblin. Your headbutt misses the goblin.
The goblin hits you with a +0 dagger. You block the goblin's attack.
Okay, then.
It was a potion of cancellation.
You feel magically purged. You block Robin's attack.
The goblin hits you with a +0 dagger.
* * * LOW HITPOINT WARNING * * *
The goblin hits you with a +0 dagger.
* * * LOW HITPOINT WARNING * * *
It was a potion of might.
You feel very mighty all of a sudden. Robin barely misses you.
You block the goblin's attack. x2
You puncture the goblin!
You kill the goblin!
Robin throws the goblin at you! The goblin hits you with a +0 dagger.
* * * LOW HITPOINT WARNING * * *
The goblin closely misses you.
It was a potion of magic.
Magic courses through your body. The goblin hits you with a +0 dagger.
You die...

#.#
#.###############
#...............#
###############.#
#.# #.# #.# #g#
#@# ##g##
####ggg# #....Jg#
.........#
....._...#
........##
........#
.....####


You could see Robin, an endoplasm, 2 hobgoblins and 3 goblins.

Vanquished Creatures
  An adder (D:2)
  2 endoplasms (D:1)
  A giant cockroach (D:2)
  7 goblins
  2 hobgoblins (D:2)
  3 jackals (D:1)
  4 quokkas
  A bat (D:1)
  2 frilled lizards (D:1)
  A rat (D:1)
24 creatures vanquished.

Notes
Turn   | Place    | Note
-------+----------+-------------------------------------------
     0 | D:1      | CaptainMV the Demonspawn Wanderer began the quest for the
                  | Orb.
     0 | D:1      | CaptainMV set off with the following items: a +0 falchion,
                  | 4 throwing nets, a +0 leather armour, a +0 buckler, a
                  | potion of attraction.
     0 | D:1      | Reached XP level 1. HP: 15/15 MP: 1/1
   117 | D:1      | Reached skill level 3 in Dodging
   128 | D:1      | Gained mutation: You have a pair of small horns on your
                  | head. [demonic ancestry]
   128 | D:1      | Reached XP level 2. HP: 21/21 MP: 2/2
   543 | D:2      | Reached XP level 3. HP: 24/26 MP: 3/3
   607 | D:2      | Found an opulent altar of Gozag.
   609 | D:2      | Noticed Robin
   633 | D:2      | Slain by a goblin

Illustrated notes

Levels and vault maps discovered:
D:1:      lemuel_arrival_hallway, layout_loops_ring
D:2:      kennysheep_the_goblin_king, layout_loops_ring, basic_altar,
          item_on_display_a, uniq_terence, uniq_robin, uniq_natasha,
          uniq_sigmund

Skill      XL: |  1  2 |
---------------+-------+-----
Dodging        | 3 |  3.5
Long Blades    | 2 |  2.2
Fighting       | |  1.2
Throwing       | |  1.0
Armour         | |  1.2
Shields        | |  1.8

Action                     || total
---------------------------++-------
  Melee: Falchion          ||    29
         Dagger            ||    30
         Headbutt          ||     4
    Use: Scroll            ||     1
         Potion            ||     3
   Stab: Sleeping          ||     1
 Armour: Leather armour    ||    42
  Dodge: Dodged            ||    33
  Block: Buckler           ||    19
